 Dungeon Crawl Stone Soup version 0.30-a0-900-g23479c02f2 (webtiles) character file.

Game seed: 16729634616724310493

464 timneilson the Covered (level 7, 0/43 HPs)
             Began as a Gargoyle Fighter on Mar 18, 2023.
             Slain by a mummy (15 damage)
             ... in an ossuary.
             The game lasted 00:04:53 (2488 turns).

timneilson the Covered (Gargoyle Fighter)           Turns: 2488, Time: 00:04:53

Health: 0/43       AC: 12    Str: 19    XL:     7   Next: 8%
Magic:  7/7        EV:  9    Int:  9    God:
Gold:   157        SH:  5    Dex: 11    Spells: 6/6 levels left

rFire   + . .      SeeInvis .    p - +4 long sword (vamp)
rCold   . . .      Faith    .    c - +0 buckler
rNeg    + . .      Spirit   .    b - +0 scale mail
rPois   ∞          Reflect  .    (no helmet)
rElec   +          Rampage  .    (no cloak)
rCorr   .                        (no gloves)
Will    .....                    (no boots) Stlth
                                 g - amulet of regeneration
HPRegen 1.07/turn                l - ring of protection from fire
MPRegen 0.10/turn                (no ring)

@: no status effects
A: sickness immunity, AC +4, negative energy resistance 1, electricity
resistance, torment resistance 1, petrification resistance
a: no special abilities


You were in an ossuary.
You visited 1 branch of the dungeon, and saw 4 of its levels.
You also visited: Ossuary.

You collected 176 gold pieces.
You spent 19 gold pieces at shops.

Inventory:

Hand Weapons
 a - a +1 long sword
 p - a +4 vampiric long sword (weapon)
 q - a +0 hand axe of flaming
Missiles
 i - 2 throwing nets (quivered)
Armour
 b - a +0 scale mail (worn)
 c - a +0 buckler (worn)
Jewellery
 g - an amulet of regeneration (around neck)
 l - a ring of protection from fire (left hand)
Scrolls
 h - 4 scrolls of identify
 j - a scroll of amnesia
 m - 2 scrolls of enchant weapon
Potions
 d - a potion of might
 e - a potion of degeneration
 f - a potion of haste
 k - 2 potions of curing
 n - a potion of ambrosia
 o - a potion of brilliance
 r - a potion of attraction {unknown}


   Skills:
 + Level 4.2 Fighting
 * Level 3.7 Long Blades
 * Level 5.1 Armour
 + Level 1.5 Dodging
 * Level 5.1 Shields


You had 6 spell levels left.
You didn't know any spells.
Your spell library contained the following spells:

 Spells                   Type           Power      Damage    Failure   Level
 Petrify                  Tmut/Erth      0%         N/A       100%        4
 Irradiate                Conj/Tmut      0%         3d11      100%        5
 Sublimation of Blood     Necr           Unusable   N/A       N/A         2

Dungeon Overview and Level Annotations

Branches:
Dungeon (4/15)            Ossuary (1/1)
 Temple: D:4-7

Altars:

Shops:
D:3 *


Innate Abilities, Weirdness & Mutations

You are immune to sickness and miasma.
Your stone body is resilient. (AC +4)
You are immune to poison.
You resist negative energy. (rN+)
You are resistant to electric shocks. (rElec)
You are resistant to unholy torment.
You are immune to petrification.


Message History

An orc comes into view. It is wielding a +0 hand axe.
The orc shouts!
You hear a shout!
An orc comes into view. It is wielding a +0 club.
The orc shouts!
The orc hits you but does no damage.
There is an open door here.
You hit the orc.
The orc is almost dead.
You slash the orc!
You kill the orc!
You hit the orc.
You kill the orc!
Things that are here:
a +0 hand axe; a +0 ring mail; a +0 club You open the door.
There is an open door here.
There is a stone staircase leading down here.
Found a sand-covered staircase.
A jackal zombie comes into view.
The jackal zombie barely misses you.
You slash the jackal zombie!
You destroy the jackal zombie!
There is a sand-covered staircase here.
The world spins around you as you enter the gateway.
You enter an ossuary!
Found a gate leading back out of this place.
There is an empty arch of ancient stone here.
The mummy barely misses you.
You hit the mummy.
The mummy is moderately damaged.
You hit the mummy.
The mummy is heavily damaged.
The mummy hits you! The mummy barely misses you. The mummy hits you.
You hit the mummy but do no damage.
The mummy is heavily damaged.
The mummy hits you! The mummy hits you. The mummy closely misses you.
You slash the mummy!
You destroy the mummy!
The mummy closely misses you. The mummy hits you!
You die...

##+##
#...#
#.∩.#
#...#
#.∩.#
##...##
#.M@M.#
#.#.#.#
#######


You could see 2 mummies.

Vanquished Creatures
  A water moccasin (D:4)
  A phantom (D:4)
  A scorpion (D:4)
  An orc priest (D:3)
  An orc wizard (D:3)
  A mummy (Ossuary)
  9 adders
  A worm (D:2)
  2 dart slugs
  8 orcs
  8 ball pythons
  6 bats
  5 endoplasms
  2 giant cockroaches
  6 goblins
  7 hobgoblins
  2 jackals (D:2)
  8 kobolds
  A quokka (D:1)
  4 frilled lizards
  A jackal zombie (D:4)
  6 rats
82 creatures vanquished.

Notes
Turn   | Place    | Note
-------+----------+-------------------------------------------
     0 | D:1      | timneilson the Gargoyle Fighter began the quest for the
                  | Orb.
     0 | D:1      | Reached XP level 1. HP: 14/14 MP: 1/1
   131 | D:1      | Reached XP level 2. HP: 19/19 MP: 2/2
   479 | D:2      | Reached XP level 3. HP: 16/23 MP: 3/3
   698 | D:2      | Reached XP level 4. HP: 14/28 MP: 4/4
  1349 | D:3      | Found a faded altar of an unknown god.
  1560 | D:3      | Found Rionuuhi's Assorted Antiques.
  1583 | D:3      | Reached XP level 5. HP: 33/33 MP: 5/5
  1656 | D:3      | Reached skill level 1 in Dodging
  2212 | D:3      | Bought a bubbling pink potion for 19 gold pieces
  2274 | D:4      | Noticed a water moccasin
  2301 | D:4      | Killed a water moccasin
  2302 | D:4      | Reached XP level 6. HP: 10/38 MP: 6/6
  2413 | D:4      | Reached skill level 5 in Armour
  2413 | D:4      | Reached skill level 5 in Shields
  2413 | D:4      | Reached XP level 7. HP: 43/43 MP: 7/7
  2471 | D:4      | Found a sand-covered staircase.
  2482 | Ossuary  | Entered an ossuary
  2488 | Ossuary  | Slain by a mummy

Illustrated notes

Levels and vault maps discovered:
D:1:      dpeg_arrival_rhombi, layout_rooms
D:2:      layout_basic, minmay_vboxes
D:3:      layout_loops_ring, serial_shops, nicolae_shop_hallway_stairs,
          nicolae_ecumenical_lake_church
D:4:      layout_basic, jmf_multi_god_temple, enter_ossuary_3, chequers_garden,
          minmay_fractal_squares_diagonal_5
Ossuary:  ossuary_minmay_chase

Skill      XL: |  1  2  3  4  5  6 |
---------------+-------------------+-----
Long Blades    | 2 3 |  3.7
Armour         | 4 5 |  5.1
Shields        | 4 5 |  5.1
Dodging        | 1 |  1.5
Fighting       | 4 |  4.2

Action                     |  1- 3 |  4- 6 |  7- 9 || total
---------------------------+-------+-------+-------++-------
  Melee: Long sword        |    99 |   175 |    15 ||   289
    Use: Scroll            |     6 |     5 |       ||    11
 Armour: Scale mail        |    65 |   109 |     6 ||   180
  Dodge: Dodged            |    53 |    83 |     6 ||   142
  Block: Buckler           |    35 |    42 |     2 ||    79

Table legend: (Time is in decaauts)
 A = Elapsed time spent in this place.
 B = Non-inter-level travel time spent in this place.
 C = Inter-level travel time spent in this place.
 D = Time resting spent in this place.
 E = Time spent auto-exploring this place.
 F = Levels seen in this place.
 G = Mean time per level.
                   A        B        C        D        E       F      G
               +--------+--------+--------+--------+--------+-----+--------+
         Total |   2577 |   2477 |    100 |      0 |   1691 |   5 |  515.4 |
       Dungeon |   2570 |   2470 |    100 |      0 |   1691 |   4 |  642.5 |
       Ossuary |      6 |      6 |      0 |      0 |      0 |   1 |    6.0 |
               +--------+--------+--------+--------+--------+-----+--------+

Top non-repeatable levels by time:
     D:3: 929 daAuts
     D:2: 918 daAuts
     D:1: 470 daAuts
     D:4: 252 daAuts
 Ossuary: 6 daAuts
